 Dungeon Crawl Stone Soup version 0.29-a0-732-g3d7fbe0af2 (webtiles) character file.

Game seed: 8140392488657981220

1825 elite277 the Purveyor of Pain (level 9, -8/51 (59) HPs)
             Began as a Human Necromancer on June 29, 2022.
             Was an Initiate of Kikubaaqudgha.
             Mangled by Duvessa
             ... wielding a +0 short sword of holy wrath
              (18 damage)
             ... on level 6 of the Dungeon.
             The game lasted 00:36:06 (6074 turns).

elite277 the Purveyor of Pain (Human Necromancer)   Turns: 6074, Time: 00:36:07

HP:   -8/51 (59)    AC:  2    Str:  6 (8)  XL:     9   Next: 32%
MP:   19/21         EV: 12    Int: 19      God:    Kikubaaqudgha [......]
Gold: 255           SH:  4    Dex: 14 (15) Spells: 14/22 levels left

rFire   + . .      SeeInvis +   g - +0 short sword
rCold   x . .      Faith    .   o - +0 buckler
rNeg    . . .      Spirit   .   a - +0 robe
rPois   .          Reflect  .   (no helmet)
rElec   .          Harm     .   (no cloak)
rCorr   .          Rampage  .   (no gloves)
Will    .....                   e - +0 pair of boots
Stlth   ++........              (no amulet)
HPRegen 0.17/turn               h - ring of fire
MPRegen 0.17/turn               (no ring)

@: about to teleport, heavily drained
A: see invisible, deformed body, high MP 1, evolution 1
a: Renounce Religion


You were on level 6 of the Dungeon.
You worshipped Kikubaaqudgha.
Kikubaaqudgha was noncommittal.
You visited 2 branches of the dungeon, and saw 7 of its levels.

You collected 255 gold pieces.

Inventory:

Hand Weapons
 g - a +0 short sword (weapon)
Armour
 a - a +0 robe (worn)
 d - a +3 leather armour of cold resistance
 e - a +0 pair of boots (worn)
 o - a +0 buckler (worn)
Jewellery
 h - a ring of fire (left hand)
Wands
 l - a wand of polymorph (8)
Scrolls
 j - 3 scrolls of amnesia
 p - a scroll of fog {unknown}
 r - a scroll of enchant weapon {unknown}
 u - a scroll of vulnerability
 x - a scroll of teleportation
Potions
 b - a potion of magic
 c - 2 potions of lignification
 i - a potion of haste
 n - 3 potions of cancellation


   Skills:
 + Level 1.2 Fighting
 + Level 1.7 Short Blades
 + Level 0.7 Throwing
 + Level 1.7 Armour
 + Level 3.0 Dodging
 + Level 2.9 Stealth
 + Level 0.8 Shields
 + Level 0.1 Unarmed Combat
 + Level 7.0 Spellcasting
 + Level 8.4 Necromancy
 + Level 0.1 Evocations


You had 14 spell levels left.
You knew the following spells:

 Your Spells              Type           Power      Damage    Failure   Level
a - Necrotize             Necr           100%       1d9       1%          1
b - Vampiric Draining     Necr           38%        2d8       1%          3
c - Animate Dead          Necr           38%        N/A       4%          4

Your spell library contained the following spells:

 Spells                   Type           Power      Damage    Failure   Level
 Agony                    Necr           38%        N/A       12%         5
 Dazzling Flash           Conj/Hex       12%        N/A       38%         3
 Frozen Ramparts          Ice            12%        1d3       38%         3
 Ice Form                 Ice/Tmut       6%         N/A       80%         4
 Summon Ice Beast         Ice/Summ       6%         N/A       80%         4
 Silence                  Hex/Air        3%         N/A       98%         5


Dungeon Overview and Level Annotations

Branches:
Dungeon (6/15)             Temple (1/1) D:5

Altars:
Ashenzari
Cheibriados
Elyvilon
Fedhas
Gozag
Hepliaklqana
Kikubaaqudgha
Makhleb
Okawaru
Qazlal
Ru
Sif Muna
Trog
Uskayaw
Vehumet
Wu Jian
Yredelemnul
Zin

Annotations:
D:5 Edmund
D:6 Duvessa


Innate Abilities, Weirdness & Mutations

You have supernaturally acute eyesight. (SInv)
Armour fits poorly on your strangely shaped body.
You have an increased reservoir of magic. (+10% MP)
You have hidden genetic potential.


Message History

The necrophage completely misses you.
You continue taking off your +0 robe.
The necrophage hits you.
Keep disrobing?
You stop removing your armour.
You feel drained.
You barely miss the necrophage.
The necrophage is severely damaged.
You block the necrophage's attack.
You hit the necrophage.
The necrophage is severely damaged.
The necrophage hits you.
You feel drained.
You barely miss the necrophage.
The necrophage is severely damaged.
The necrophage closely misses you.
You hit the necrophage.
The necrophage is almost destroyed.
The necrophage closely misses you. x2
You completely miss the necrophage.
The necrophage is almost destroyed.
The necrophage hits you.
* * * LOW HITPOINT WARNING * * *
You hit the necrophage.
You destroy the necrophage!
Kikubaaqudgha accepts your kill.
Duvessa, Sister of Dowan comes into view.
She is wielding a +0 short sword of holy wrath.
Duvessa goes berserk!
You block Duvessa's attack. Duvessa closely misses you.
Duvessa completely misses you. You block Duvessa's attack.
Duvessa hits you with a +0 short sword of holy wrath!
* * * LOW HITPOINT WARNING * * *
Duvessa closely misses you. Duvessa closely misses you.
You block Duvessa's attack. You block Duvessa's attack.
You feel a genetic drift.
You feel more energetic.
As you read the scroll labelled WUCERGH OSTROM, it crumbles to dust.
You feel strangely unstable.
It was a scroll of teleportation.
Duvessa hits you with a +0 short sword of holy wrath!!
You die...
Kikubaaqudgha rasps: "You have failed me!
Welcome... death!"

.#######.......##
#......
...............# #
#.#. #...
...............#
#.#.#. #...
...............#
##.#.#.##...
.?.:....)......#
#...........
.$.....e.......#
#...........
.......#####)###
#...........
....... #.#####
#........###
###.).. #.e@..#
##+###..## #e...
#.##............# #
#.... ....
..####.#....# #
#.... #.... ....
#..#.# #
#....#..... #..#.#
#
#....#.......#..#.#
# #.?).#.......#.
#.#### .##.
.......#. #.....
#.# #.....


You could see Duvessa (berserk).

Vanquished Creatures
  Sigmund (D:5)
  Eustachio (D:5)
  A water moccasin (D:6)
  2 ice beasts
  An ogre (D:5)
  A centaur (D:5)
  A bullfrog (D:6)
  2 necrophages
  3 scorpions
  Dowan (D:6)
  A jelly (D:6)
  An orc priest (D:4)
  2 hounds (D:4)
  A gnoll shaman (D:5)
  An orc wizard (D:4)
  Terence (D:2)
  2 iguanas
  5 adders
  9 gnolls
  A worm (D:3)
  2 dart slugs
  6 orcs
  4 bats
  5 endoplasms
  3 giant cockroaches
  5 hobgoblins
  13 jackals
  2 kobolds
  5 quokkas
  7 ball pythons
  A frilled lizard (D:1)
  3 goblins
  A rat (D:1)
95 creatures vanquished.

Vanquished Creatures (collateral kills)
  Grinder (D:5)
  A goblin (D:3)
  A hobgoblin (D:1)
  A bat (D:2)
  A frilled lizard (D:1)
  2 rats (D:2)
7 creatures vanquished.

Vanquished Creatures (others)
  A plant (D:5)
1 creature vanquished.

Grand Total: 103 creatures vanquished

Notes
Turn   | Place    | Note
-------+----------+-------------------------------------------
     0 | D:1      | elite277 the Human Necromancer began the quest for the Orb.
     0 | D:1      | Reached XP level 1. HP: 13/13 MP: 3/3
   273 | D:1      | Reached XP level 2. HP: 17/19 MP: 0/5
   274 | D:1      | Found a faded altar of an unknown god.
   565 | D:1      | Reached XP level 3. HP: 18/24 MP: 0/6
   571 | D:1      | Learned a level 3 spell: Vampiric Draining
  1213 | D:2      | Reached XP level 4. HP: 30/30 MP: 4/7
  1396 | D:2      | You fall into a shaft and drop 2 floors!
  1705 | D:2      | Noticed Terence
  1713 | D:2      | Reached skill level 5 in Necromancy
  1733 | D:2      | Reached XP level 5. HP: 12/35 MP: 1/9
  1770 | D:2      | Killed Terence
  2076 | D:3      | Found a white marble altar of Elyvilon.
  2815 | D:4      | Reached XP level 6. HP: 31/41 MP: 0/11
  3128 | D:4      | Noticed an ice beast
  3132 | D:4      | Killed an ice beast
  3133 | D:4      | Reached skill level 6 in Necromancy
  3133 | D:4      | Reached XP level 7. HP: 46/46 MP: 5/13
  3764 | D:5      | Entered Level 5 of the Dungeon
  4200 | D:5      | Noticed Eustachio
  4210 | D:5      | Killed Eustachio
  4211 | D:5      | Reached skill level 1 in Short Blades
  4211 | D:5      | Reached skill level 5 in Spellcasting
  4211 | D:5      | Reached XP level 8. HP: 40/53 MP: 3/15
  4455 | D:5      | Reached skill level 7 in Necromancy
  4571 | D:5      | Noticed Edmund
  4665 | D:5      | Noticed Sigmund
  4672 | D:5      | Killed Sigmund
  4673 | D:5      | Reached skill level 1 in Fighting
  4761 | D:5      | Found a staircase to the Ecumenical Temple.
  4767 | Temple   | Entered the Ecumenical Temple
  5026 | Temple   | Became a worshipper of Kikubaaqudgha
  5159 | D:5      | Learned a level 4 spell: Animate Dead
  5250 | D:5      | Noticed Grinder
  5255 | D:5      | Gained mutation: Armour fits poorly on your strangely
                  | shaped body. [potion of mutation]
  5255 | D:5      | Gained mutation: You have hidden genetic potential. [potion
                  | of mutation]
  5255 | D:5      | Gained mutation: You have supernaturally acute eyesight.
                  | (SInv) [potion of mutation]
  5266 | D:5      | Paralysed by Grinder for 5 turns
  5278 | D:5      | Killed Grinder
  5279 | D:5      | Reached skill level 1 in Armour
  5317 | D:5      | Reached XP level 9. HP: 49/59 MP: 12/18
  5637 | D:6      | Reached skill level 8 in Necromancy
  5921 | D:6      | Found an ornate altar of the Wu Jian Council.
  5977 | D:6      | Found a blossoming altar of Fedhas.
  6002 | D:6      | Noticed Dowan
  6016 | D:6      | Killed Dowan
  6066 | D:6      | Noticed Duvessa
  6073 | D:6      | Gained mutation: You have an increased reservoir of magic.
                  | (+10% MP) [hidden potential]
  6074 | D:6      | Mangled by Duvessa

Illustrated notes

Levels and vault maps discovered:
D:1:      dpeg_arrival_simpleton_c, layout_loops_ring,
          ebering_ecumenical_altar_rust
D:2:      layout_basic, hangedman_decor_peaks_small, uniq_terence
D:3:      layout_basic, elyvilon_altar_1
D:4:      layout_gridville
D:5:      layout_loops_ring, minmay_temple_entry_purple_smoke,
          sigmund_edmund_badplayer, uniq_sigmund, uniq_grinder, uniq_eustachio
D:6:      layout_basic, amcnicky_altar_gilded, kennysheep_mini, uniq_duvessa
Temple:   regret_index_temple_generic_petals

Skill      XL: |  1  2  3  4  5  6  7  8  9 |
---------------+----------------------------+-----
Necromancy     | 5 6 7 8 |  8.4
Spellcasting   | 3 4 5 6 7 |  7.0
Short Blades   | 1 |  1.7
Fighting       | 1 |  1.2
Armour         | 1 |  1.7
Dodging        | 3 |  3.0
Throwing       | |  0.7
Stealth        | |  2.9
Shields        | |  0.8
Unarmed Combat | |  0.1
Evocations     | |  0.1

Action                   |  1- 3 |  4- 6 |  7- 9 || total
-------------------------+-------+-------+-------++-------
Melee: Unarmed           |     7 |       |     6 ||    13
       Short sword       |    16 |    22 |    74 ||   112
Throw: Dart              |     1 |     4 |     2 ||     7
 Cast: Necrotize         |    47 |    72 |    78 ||   197
       Vampiric Draining |       |     8 |    18 ||    26
       Animate Dead      |       |       |     2 ||     2
Evoke: Wand              |       |       |     4 ||     4
  Use: Scroll            |       |     5 |     6 ||    11
       Potion            |       |     2 |     9 ||    11
 Stab: Sleeping          |       |     1 |     1 ||     2
Armor: Robe              |    17 |     9 |     7 ||    33
       Leather armour    |       |       |    13 ||    13
Dodge: Dodged            |    30 |    30 |    72 ||   132
Block: Buckler           |       |     1 |    22 ||    23

Table legend: (Time is in decaauts)
 A = Elapsed time spent in this place.
 B = Non-inter-level travel time spent in this place.
 C = Inter-level travel time spent in this place.
 D = Time resting spent in this place.
 E = Time spent auto-exploring this place.
 F = Levels seen in this place.
 G = Mean time per level.
                   A        B        C        D        E       F      G
               +--------+--------+--------+--------+--------+-----+--------+
         Total |   6073 |   5926 |    147 |      0 |   2654 |   7 |  867.6 |
       Dungeon |   5785 |   5701 |     84 |      0 |   2480 |   6 |  964.2 |
        Temple |    288 |    225 |     63 |      0 |    174 |   1 |  288.0 |
               +--------+--------+--------+--------+--------+-----+--------+

Top non-repeatable levels by time:
     D:5: 1423 daAuts
     D:4: 1155 daAuts
     D:1: 895 daAuts
     D:3: 868 daAuts
     D:2: 847 daAuts
     D:6: 595 daAuts
  Temple: 288 daAuts
